 Dungeon Crawl Stone Soup version 0.31-a0-626-g8143ab4f1d (webtiles) character file.

Game seed: 12551575029504856891

3455 IdlyInterested the Cleaver (level 9, 0/59 (65) HPs)
             Began as a Demonspawn Gladiator on Aug 24, 2023.
             Slain by a wight
             ... wielding a +0 great sword
              (11 damage)
             ... on level 8 of the Dungeon.
             The game lasted 00:21:33 (7548 turns).

IdlyInterested the Cleaver (Demonspawn Gladiator)   Turns: 7548, Time: 00:21:34

HP:   0/59 (65)     AC:  9    Str: 19    XL:     9   Next: 78%
MP:   9/9           EV: 12    Int: 10    God:
Gold: 502           SH:  0    Dex: 16    Spells: 8/8 levels left

rFire   + . .        a - +0 war axe (venom)
rCold   + . .        (no shield)
rNeg    . . .        I - +3 leather armour {rF+}
rPois   .            (helmet restricted)
rElec   .            c - +1 cloak
rCorr   .            (no gloves)
SInv    .            y - +0 pair of boots
Will    .....        C - amulet of magic regeneration
Stlth   +++          m - ring of protection from cold
HPRegen 0.29/turn    (no ring)
MPRegen 0.51/turn

%: no passive effects
@: lethally poisoned (0 -> -1), drained
A: horns 1, thin skeletal structure 1, spiny 1
a: no special abilities


You were on level 8 of the Dungeon.
You visited 2 branches of the dungeon, and saw 9 of its levels.

You collected 502 gold pieces.

Inventory:

Hand Weapons
 a - a +0 war axe of venom (weapon)
 D - a +1 heavy hand axe
 F - a +1 hand axe of electrocution
 H - a +3 spectral club
 J - a +4 spear of freezing
Missiles
 d - 3 throwing nets
 e - 7 javelins
 i - 50 stones (quivered)
 q - 20 poisoned darts
 K - a curare-tipped dart
Armour
 c - a +1 cloak (worn)
 j - an orb of light
 u - a +0 plate armour
 y - a +0 pair of boots (worn)
 I - a +3 leather armour of fire resistance (worn)
 M - a +1 leather armour of poison resistance
Magical Staves
 O - a staff of conjuration
Jewellery
 m - a ring of protection from cold (left hand)
 C - an amulet of magic regeneration (around neck)
Talismans
 k - a serpent talisman
 A - a maw talisman
Wands
 G - a wand of flame (43)
 L - a wand of mindburst (9)
Scrolls
 f - 2 scrolls of blinking
 g - 2 scrolls of enchant armour
 h - a scroll of revelation
 l - 2 scrolls of brand weapon
 n - 3 scrolls of immolation
 o - a scroll of vulnerability
 v - a scroll of enchant weapon
 x - a scroll of poison
 B - 3 scrolls of amnesia
Potions
 b - a potion of brilliance {unknown}
 p - a potion of enlightenment {unknown}
 r - a potion of curing {unknown}
 t - a potion of haste {unknown}
 w - a potion of resistance {unknown}
 z - 2 potions of mutation
 E - a potion of might {unknown}
 N - a potion of magic {unknown}


   Skills:
 - Level 4.0 Fighting
 * Level 11.5 Axes
 - Level 2.0 Throwing
 + Level 3.3 Armour
 - Level 2.6 Dodging
 - Level 2.0 Stealth
 - Level 2.0 Evocations
 - Level 2.0 Shapeshifting


You had 8 spell levels left.
You didn't know any spells.
Your spell library contained the following spells:

 Spells                   Type           Power      Damage    Failure   Level
 Summon Small Mammal      Summ           0%         N/A       41%         1
 Blink                    Tloc           0%         N/A       54%         2
 Sublimation of Blood     Necr           0%         N/A       54%         2
 Wereblood                Tmut           0%         N/A       54%         2
 Call Canine Familiar     Summ           0%         N/A       78%         3
 Dazzling Flash           Conj/Hex       0%         N/A       78%         3
 Summon Guardian Golem    Hex/Summ       0%         N/A       78%         3
 Volatile Blastmotes      Fire/Tloc      0%         2d10      78%         3
 Manifold Assault         Tloc           0%         N/A       99%         4
 Simulacrum               Ice/Necr       0%         N/A       100%        6
 Starburst                Conj/Fire      0%         6d3       100%        6
 Malign Gateway           Summ/Tloc      0%         N/A       100%        7
 Ozocubu's Refrigeration  Ice            0%         4d7       100%        7
 Summon Hydra             Summ           0%         N/A       100%        7
 Maxwell's Capacitive Co  Air            0%         ∞         100%        8
 Summon Horrible Things   Summ           0%         N/A       100%        8
 Polar Vortex             Ice            0%         N/A       100%        9


Dungeon Overview and Level Annotations

Branches:
Dungeon (8/15)             Temple (1/1) D:7
   Lair: D:8-11

Altars:
Ashenzari
Cheibriados
Gozag
Makhleb
Okawaru
Ru
Trog
Wu Jian
Xom
Yredelemnul

Shops:
D:5 :


Innate Abilities, Weirdness & Mutations

You have a pair of small horns on your head.
You have a somewhat thin skeletal structure. (Dex +2, Stealth+)
You are partially covered in sharp spines.


Message History

You feel very sick.
Throw: 51 stones
Press: ? - help, Q - select action, (/) - cycle Shift-Dir - straight line, f/p - wight
Aim: a wight, wielding a +0 morningstar and wearing a +0 robe (lightly damaged, 60% to hit)
You throw a stone.
The stone hits the wight but does no damage.
The wight is lightly damaged.
You feel sick.
You feel sick. The wight completely misses you.
Things that are here:
a killer bee corpse; a killer bee corpse You hit the wight but do no damage. x2; You feel sick.
The wight is struck by your spines. The wight hits you with a +4 halberd.
You feel drained. The wight misses you.
You hit the wight but do no damage.
You headbutt the wight, but do no damage.
The wight is heavily damaged.
You hit the wight.
You feel sick. The wight hits you but does no damage. The wight misses you.
You closely miss the wight.
You headbutt the wight, but do no damage.
The wight is heavily damaged.
You hit the wight but do no damage.
You feel sick. The wight barely misses you. The wight is struck by your spines.
The wight hits you with a +0 morningstar.
You feel drained.
You closely miss the wight.
The wight is heavily damaged.
You hit the wight but do no damage. You slash the wight!
You feel sick. The wight is struck by your spines.
The wight hits you with a +0 great sword!
* * * LOW HITPOINT WARNING * * *
You feel drained.
* * * LOW HITPOINT WARNING * * *
The wight closely misses you. The wight barely misses you.
You slash the wight!
The wight is almost destroyed.
You hit the wight but do no damage. You closely miss the wight.
You feel sick.
The wight hits you with a +0 great sword!
You die...

....... #......#
......#### ....
........# .....
....##......#
#..####....#.......#
...........#...z...#
.......... #...z@..#
........####...z####
......~.........#
......~[........#
#.....~.........#
###...~.........#
.#....~...##....#
.#........##....#
#........##....#


You could see 3 wights.

Vanquished Creatures
  A two-headed ogre (D:8)
  An ugly thing (D:8)
  A troll (D:8)
  A hornet (D:8)
  A wyvern (D:7)
  A sky beast (D:7)
  3 ogres
  A kobold brigand (D:7)
  3 bullfrogs
  A scorpion (D:5)
  4 wights (D:7)
  5 killer bees (D:8)
  A howler monkey (D:7)
  5 hounds
  A jelly (D:7)
  Crazy Yiuf (D:2)
  4 orc priests
  3 iguanas
  3 orc wizards
  Ijyb (D:5)
  3 sleepcaps
  5 adders
  3 ufetubi
  2 worms (D:5)
  15 orcs
  3 ball pythons
  5 endoplasms
  4 giant cockroaches
  10 hobgoblins
  4 jackals (D:2)
  2 quokkas (D:1)
  11 bats
  4 frilled lizards
  7 goblins
  11 kobolds
  3 rats (D:2)
134 creatures vanquished.

Notes
Turn   | Place    | Note
-------+----------+-------------------------------------------
     0 | D:1      | IdlyInterested the Demonspawn Gladiator began the quest for
                  | the Orb.
     0 | D:1      | Reached XP level 1. HP: 16/16 MP: 1/1
    11 | D:1      | Found a faded altar of an unknown god.
   118 | D:1      | Reached skill level 3 in Axes
   151 | D:1      | Gained mutation: You have a pair of small horns on your
                  | head. [demonic ancestry]
   151 | D:1      | Reached XP level 2. HP: 21/22 MP: 2/2
   230 | D:1      | Reached skill level 1 in Armour
   491 | D:1      | Gained mutation: You are partially covered in sharp spines.
                  | [demonic ancestry]
   491 | D:1      | Reached XP level 3. HP: 27/27 MP: 3/3
  1079 | D:2      | Identified the +4 shortbow "Ublaix" {drain, Dex+3}
  1273 | D:2      | Found a runed translucent door.
  1274 | D:2      | Noticed Crazy Yiuf
  1723 | D:2      | Reached skill level 1 in Stealth
  2030 | D:2      | Killed Crazy Yiuf
  2031 | D:2      | Reached skill level 4 in Axes
  2031 | D:2      | Reached XP level 4. HP: 11/33 MP: 4/4
  3021 | D:3      | Reached XP level 5. HP: 36/38 MP: 5/5
  3138 | D:4      | Reached skill level 5 in Axes
  3219 | D:4      | Found an opulent altar of Gozag.
  3229 | D:4      | Reached XP level 6. HP: 28/44 MP: 6/6
  3483 | D:4      | Found an ornate altar of the Wu Jian Council.
  3803 | D:5      | Entered Level 5 of the Dungeon
  3803 | D:5      | Found a shimmering altar of Xom.
  3815 | D:5      | Reached skill level 6 in Axes
  3911 | D:5      | Found Aqef's Book Boutique.
  3928 | D:5      | Gained mutation: You have a somewhat thin skeletal
                  | structure. (Dex +2, Stealth+) [demonic ancestry]
  3928 | D:5      | Reached XP level 7. HP: 46/50 MP: 7/7
  3932 | D:5      | Found a snail-covered altar of Cheibriados.
  4146 | D:5      | Reached skill level 7 in Axes
  4338 | D:5      | Noticed Ijyb
  4349 | D:5      | Killed Ijyb
  5335 | D:6      | Reached skill level 8 in Axes
  5952 | D:7      | Reached skill level 1 in Evocations
  5952 | D:7      | Reached XP level 8. HP: 52/56 MP: 8/8
  6317 | D:7      | Reached skill level 9 in Axes
  6356 | D:7      | Reached skill level 1 in Shapeshifting
  6790 | D:7      | Found a staircase to the Ecumenical Temple.
  6799 | Temple   | Entered the Ecumenical Temple
  6910 | D:8      | Noticed a troll
  6925 | D:8      | Killed a troll
  6926 | D:8      | Reached skill level 10 in Axes
  6926 | D:8      | Reached XP level 9. HP: 26/62 MP: 9/9
  7223 | D:8      | Noticed a two-headed ogre
  7230 | D:8      | Killed a two-headed ogre
  7309 | D:8      | Noticed a green ugly thing
  7324 | D:8      | Killed a green ugly thing
  7325 | D:8      | Reached skill level 11 in Axes
  7548 | D:8      | Slain by a wight

Illustrated notes

Levels and vault maps discovered:
D:1:      onia_arrival_pentagram, layout_basic, ebering_ecumenical_altar_box
D:2:      layout_loops_corners, uniq_crazy_yiuf_cottage
D:3:      layout_loops_cross, tso_metal_star, kennysheep_orc_chapel
D:4:      layout_cave_pools, mainiacjoe_overflow_paths,
          mainiacjoe_overflow_cross_hatched, minmay_box_of_dots
D:5:      layout_basic, slow_altar_1, mainiacjoe_overflow_brackets,
          serial_shops, nicolae_shop_tiny_statue_garden, uniq_ijyb
D:6:      layout_basic, serial_park_tiny_pond
D:7:      layout_rooms, minmay_temple_entry_poolview
D:8:      layout_basic, mainiacjoe_overflow_boulevard,
          small_chamber_with_monster
Temple:   nicolae_temple_bog_church

Skill      XL: |  1  2  3  4  5  6  7  8  9 |
---------------+----------------------------+-----
Axes           | 3 4 5 6 8 10 11 | 11.5
Armour         | 1 2 3 |  3.3
Stealth        | 1 2 |  2.0
Throwing       | 2 |  2.0
Evocations     | 1 2 |  2.0
Shapeshifting  | 2 |  2.0
Fighting       | 4 |  4.0
Dodging        | |  2.6

Action                     |  1- 3 |  4- 6 |  7- 9 || total
---------------------------+-------+-------+-------++-------
  Melee: War axe           |    93 |    70 |   100 ||   263
         Headbutt          |     8 |     7 |    48 ||    63
         Punch             |       |     2 |     3 ||     5
         Hand axe          |       |       |    62 ||    62
  Throw: Stone             |       |     4 |    14 ||    18
         Dart              |       |       |     1 ||     1
  Evoke: Wand              |       |       |     6 ||     6
    Use: Scroll            |     2 |     9 |     2 ||    13
         Potion            |       |       |     2 ||     2
   Stab: Sleeping          |       |       |     7 ||     7
         Distracted        |       |       |     1 ||     1
 Armour: Leather armour    |    15 |       |    37 ||    52
         Scale mail        |    16 |    19 |       ||    35
         Ring mail         |     2 |       |       ||     2
         Plate armour      |       |    22 |    12 ||    34
  Dodge: Dodged            |    53 |    24 |    84 ||   161

Table legend: (Time is in decaauts)
 A = Elapsed time spent in this place.
 B = Non-inter-level travel time spent in this place.
 C = Inter-level travel time spent in this place.
 D = Time resting spent in this place.
 E = Time spent auto-exploring this place.
 F = Levels seen in this place.
 G = Mean time per level.
                   A        B        C        D        E       F      G
               +--------+--------+--------+--------+--------+-----+--------+
         Total |   7591 |   6982 |    609 |   1377 |   4053 |   9 |  843.4 |
       Dungeon |   7589 |   6980 |    609 |   1377 |   4053 |   8 |  948.6 |
        Temple |      1 |      1 |      0 |      0 |      0 |   1 |    1.0 |
               +--------+--------+--------+--------+--------+-----+--------+

Top non-repeatable levels by time:
     D:2: 1171 daAuts
     D:7: 1076 daAuts
     D:1: 1072 daAuts
     D:6: 1068 daAuts
     D:5: 1009 daAuts
     D:3: 920 daAuts
     D:4: 730 daAuts
     D:8: 540 daAuts
  Temple: 1 daAuts
